 Dungeon Crawl Stone Soup version 0.27.1-37-g7b29ead8ac (webtiles) character file.

Game seed: 5217374489287916995

1383 coffeetime the Covert (level 8, 0/69 HPs)
             Began as a Deep Dwarf Brigand on June 30, 2023.
             Was an Initiate of Makhleb.
             Shot with an arrow by a centaur (7 damage)
             ... on level 6 of the Dungeon on July 1, 2023.
             The game lasted 00:30:15 (5517 turns).

coffeetime the Covert (Deep Dwarf Brigand)          Turns: 5517, Time: 00:30:16

Health: 0/69       AC:  7    Str: 15    XL:     8   Next: 40%
Magic:  6/6        EV: 13    Int: 12    God:    Makhleb [......]
Gold:   247        SH:  0    Dex: 16    Spells: 5/7 levels left

rFire    . . .     SeeInvis +   y - +2 hand axe (venom)
rCold    . . .     Faith    .   (no shield)
rNeg     . . .     Spirit   .   q - +0 leather armour
rPois    .         Reflect  .   H - +0 helmet
rElec    .         Harm     .   c - +0 cloak
rCorr    .         Rampage  .   u - +0 pair of gloves
Will     +....                  (no boots)
Stlth    ++++......             (no amulet)
HPRegen  0.00/turn              B - ring of see invisible
MPRegen  0.10/turn              r - ring of flight

@: flying
A: damage resistance, heal wounds, sense surroundings 1, no regeneration
a: Heal Wounds, Renounce Religion


You were on level 6 of the Dungeon.
You worshipped Makhleb.
Makhleb was noncommittal.
You visited 2 branches of the dungeon, and saw 8 of its levels.

You collected 247 gold pieces.

Inventory:

Hand Weapons
 a - a +2 dagger
 v - a +3 dagger
 y - a +2 hand axe of venom (weapon)
Missiles
 d - 7 poisoned darts (quivered)
 e - a curare-tipped dart
 l - 5 boomerangs
 p - 134 stones
 x - 20 arrows
 D - 5 atropa-tipped darts
Armour
 b - a +0 robe
 c - a +0 cloak (worn)
 h - a +0 ring mail
 q - a +0 leather armour (worn)
 u - a +0 pair of gloves (worn)
 H - a +0 helmet (worn)
Magical Staves
 k - a staff of air
Jewellery
 r - a ring of flight (right hand)
 B - a ring of see invisible (left hand)
Wands
 j - a wand of iceblast (8)
Scrolls
 f - 2 scrolls of fog
 g - 3 scrolls of teleportation
 i - a scroll of vulnerability
 n - 2 scrolls of magic mapping
 o - 3 scrolls of torment
 s - a scroll of holy word {unknown}
 z - a scroll of amnesia {unknown}
 A - 2 scrolls of acquirement {unknown}
 C - a scroll of blinking {unknown}
 E - a scroll of enchant weapon {unknown}
 J - a scroll of fear {unknown}
Potions
 m - a potion of mutation
 t - a potion of cancellation
 w - a potion of heal wounds
 F - 2 potions of attraction {unknown}
 G - a potion of brilliance {unknown}
 I - a potion of degeneration {unknown}
 K - a potion of flight {unknown}


   Skills:
 + Level 3.0 Fighting
 - Level 2.2 Short Blades
 + Level 5.2 Throwing
 + Level 3.7 Armour
 + Level 4.1 Dodging
 + Level 9.4 Stealth


You had 5 spell levels left.
You knew the following spells:

 Your Spells              Type           Power      Damage    Failure   Level
a - Sublimation of Blood  Necr           0%         N/A       52%         2

Your spell library contained the following spells:

 Spells                   Type           Power      Damage    Failure   Level
 Wereblood                Tmut           0%         N/A       52%         2
 Summon Hydra             Summ           0%         N/A       100%        7


Dungeon Overview and Level Annotations

Branches:
Dungeon (7/15)             Temple (1/1) D:7

Altars:
Ashenzari
Cheibriados
Dithmenos
Elyvilon
Fedhas
Gozag
Hepliaklqana
Kikubaaqudgha
Makhleb
Okawaru
Qazlal
Ru
Trog
Uskayaw
Xom
Yredelemnul
Zin
Beogh

Shops:
D:4 ?

Annotations:
D:4 3 runed translucent doors, grimtooth's ghost, amateur DgFE


Innate Abilities, Weirdness & Mutations

You are resistant to damage.
You can heal yourself by infusing magical energy.
You passively map a small area around you.
You do not regenerate.


Message History

Throw: 11 darts (poison)
Press: ? - help, Q - select action, (/) - cycle Shift-Dir - straight line, f - centaur
Aim: a centaur, quivering arrows (asleep, 98% to hit)
You throw a poisoned dart. The poisoned dart hits the centaur.
The centaur is poisoned.
The centaur shouts!
The centaur wields a +0 shortbow.
The centaur shoots an arrow.
The arrow hits you!
* * * LOW HITPOINT WARNING * * *
The centaur shoots an arrow.
The arrow hits you but does no damage.
Throw: 10 darts (poison)
Press: ? - help, Q - select action, (/) - cycle Shift-Dir - straight line, f/p - centaur
Aim: a centaur, wielding a +0 shortbow and quivering arrows (lightly wounded, poisoned, 73% to hit)
You throw a poisoned dart.
The poisoned dart barely misses the centaur.
The centaur shoots an arrow.
The arrow hits you!
* * * LOW HITPOINT WARNING * * *
Throw: 9 darts (poison)
Press: ? - help, Q - select action, (/) - cycle Shift-Dir - straight line, f/p - centaur
Aim: a centaur, wielding a +0 shortbow and quivering arrows (lightly wounded, poisoned, 73% to hit)
You throw a poisoned dart.
The poisoned dart completely misses the centaur.
The centaur shoots an arrow.
The arrow hits you!
* * * LOW HITPOINT WARNING * * *
Your magical essence is drained by the effort!
You feel much better.
Throw: 8 darts (poison)
Press: ? - help, Q - select action, (/) - cycle Shift-Dir - straight line, f/p - centaur
Aim: a centaur, wielding a +0 shortbow and quivering arrows (lightly wounded, 73% to hit)
You throw a poisoned dart.
The poisoned dart closely misses the centaur.
The centaur shoots an arrow.
The arrow hits you!
* * * LOW HITPOINT WARNING * * *
The centaur shoots an arrow.
The arrow hits you.
* * * LOW HITPOINT WARNING * * *
The centaur shoots an arrow.
The arrow closely misses you.
The centaur shoots an arrow.
The arrow hits you.
* * * LOW HITPOINT WARNING * * *
The centaur shoots an arrow.
The arrow hits you!
You die...

*,,,,,,#............#....#....#..
***,,,*#............#...##.##'#..
****+*#.............#...##.#.....
,,,,,,#.............#......#.....
,,,,,,#.....[.......#......#.....
,,,,,,#............<#......#.....
,,,,,,#.............#............
******#.............######..§...8
,>,,,,,...######@....#...#..§≈..8
,,,,,,,,..* #.....#......≈≈..8
,,,,,,,,,,* #.....#......≈≈..8
,,,,,.,>,,* #.....#...#..≈≈...
,,,,,...,,* #.....#...+..§§...
,,,,,.....######.....#...#..≈§§≈≈
***,,...(.c........###...#..≈§≈≈≈
,,*,,(.........c...#........§§...
,,*,,..............#.............


You could see a centaur.

Vanquished Creatures
  2 black bears
  A necrophage (D:5)
  5 ogres
  A phantom (D:5)
  3 scorpions
  A water moccasin skeleton (D:5)
  A jelly (D:6)
  2 hounds
  A bullfrog skeleton (D:6)
  2 iguanas (D:6)
  3 orc wizards
  A howler monkey skeleton (D:6)
  4 adders
  An ufetubus (D:5)
  A worm (D:5)
  4 dart slugs
  10 orcs
  4 bats
  6 endoplasms
  2 giant cockroaches
  12 goblins
  5 hobgoblins (D:2)
  3 jackals (D:1)
  2 quokkas
  7 ball pythons
  6 frilled lizards
  6 kobolds
  4 rats
100 creatures vanquished.

Vanquished Creatures (others)
  4 plants (D:7)
4 creatures vanquished.

Grand Total: 104 creatures vanquished

Notes
Turn   | Place    | Note
-------+----------+-------------------------------------------
     0 | D:1      | coffeetime the Deep Dwarf Brigand began the quest for the
                  | Orb.
     0 | D:1      | Reached XP level 1. HP: 19/19 MP: 1/1
    51 | D:1      | Reached skill level 5 in Stealth
   156 | D:2      | Reached XP level 2. HP: 24/26 MP: 2/2
   416 | D:2      | Reached XP level 3. HP: 26/32 MP: 3/3
   505 | D:2      | Reached skill level 6 in Stealth
  1042 | D:3      | Noticed a scorpion
  1050 | D:3      | Killed a scorpion
  1051 | D:3      | Reached XP level 4. HP: 26/39 MP: 4/4
  1299 | D:3      | Reached XP level 5. HP: 28/45 MP: 5/5
  1522 | D:3      | Noticed a black bear
  1531 | D:3      | Killed a black bear
  1532 | D:3      | Reached skill level 7 in Stealth
  1873 | D:4      | Reached XP level 6. HP: 4/52 MP: 6/6
  2421 | D:4      | Found Bisil's Magic Scroll Emporium.
  2451 | D:4      | Found a bloodstained altar of Trog.
  2489 | D:4      | Found a runed translucent gate.
  2489 | D:4      | Noticed grimtooth's ghost (amateur DgFE)
  2490 | D:4      | Found a runed translucent gate.
  2490 | D:4      | Found a runed translucent gate.
  2493 | D:4      | Identified the +5 dagger of Midwinter {protect, rF+}
  2493 | D:4      | Identified the +1 ring mail "Efewyev" {Rampage}
  2670 | D:5      | Entered Level 5 of the Dungeon
  2851 | D:4      | Reached skill level 1 in Armour
  2851 | D:4      | Reached skill level 8 in Stealth
  3223 | D:5      | Reached XP level 7. HP: 16/61 MP: 7/7
  3305 | D:5      | Found a hazy altar of Hepliaklqana.
  3345 | D:6      | Found a hide-covered altar of Uskayaw.
  3379 | D:6      | Learned a level 2 spell: Sublimation of Blood
  3457 | D:6      | Found a blossoming altar of Fedhas.
  3787 | D:7      | Found a staircase to the Ecumenical Temple.
  3793 | Temple   | Entered the Ecumenical Temple
  3818 | Temple   | Became a worshipper of Makhleb the Destroyer
  4343 | D:1      | Found a faded altar of an unknown god.
  4347 | D:1      | Noticed an eye of devastation
  4347 | D:1      | Noticed a great orb of eyes
  5105 | D:5      | Reached skill level 9 in Stealth
  5105 | D:5      | Reached XP level 8. HP: 41/68 MP: 7/7
  5273 | D:6      | Reached skill level 5 in Throwing
  5509 | D:6      | HP: 3/69 [centaur/arrow (6)]
  5517 | D:6      | Shot with an arrow by a centaur

Illustrated notes

Levels and vault maps discovered:
D:1:      minmay_arrival_nine_rooms, layout_rooms,
          hellmonk_ecumenical_altar_watching_god, nrook_mini_vaults
D:2:      layout_basic, minmay_between
D:3:      layout_basic, kennysheep_generic_room_10
D:4:      layout_loops_ring, general_overflow_altar, serial_shops,
          nicolae_take_the_stairs, biasface_ghost_orc_armoury
D:5:      layout_rooms, worldfamousw_hep_ancestral_shrine
D:6:      layout_gridville, mainiacjoe_overflow_chevrons,
          mainiacjoe_overflow_boulevard, minmay_fractal_squares_gapless_5
D:7:      lemuel_castle_with_subvaults [lemuel_castle_interior_carwin_3],
          layout_basic, minmay_temple_entry_gardened_gates,
          grunt_decor_resistance
Temple:   nicolae_temple_god_jail

Skill      XL: |  1  2  3  4  5  6  7  8 |
---------------+-------------------------+-----
Stealth        | 5 6 7 8 9 |  9.4
Throwing       | 2 3 4 5 |  5.2
Fighting       | 2 3 |  3.0
Short Blades   | 2 |  2.2
Dodging        | 2 3 4 |  4.1
Armour         | 1 3 |  3.7

Action                   |  1- 3 |  4- 6 |  7- 9 || total
-------------------------+-------+-------+-------++-------
Melee: Dagger            |    68 |   118 |    60 ||   246
       Hand axe          |       |       |    39 ||    39
Throw: Dart              |    21 |    40 |    41 ||   102
       Throwing net      |       |     3 |       ||     3
 Abil: Heal Wounds       |       |     2 |     3 ||     5
  Use: Scroll            |       |       |    12 ||    12
 Stab: Sleeping          |     6 |     8 |     8 ||    22
Armor: Robe              |    16 |    11 |       ||    27
       Leather armour    |       |    20 |    43 ||    63
Dodge: Dodged            |    44 |    47 |    74 ||   165
